 Dungeon Crawl Stone Soup version 0.20.1-1-g8b1a95d (webtiles) character file.

3590 Vodalian the Fighter (level 10, -2/82 HPs)
             Began as a Formicid Fighter on Nov 21, 2017.
             Was a Priest of Okawaru.
             Succumbed to a two-headed ogre's poison
             ... on level 8 of the Dungeon on Nov 22, 2017.
             The game lasted 00:45:00 (8559 turns).

Vodalian the Fighter (Formicid Fighter)             Turns: 8559, Time: 00:45:04

Health: -2/82      AC: 14    Str: 21    XL:     10   Next: 31%
Magic:  13/13      EV:  5    Int: 11    God:    Okawaru [***...]
Gold:   362        SH: 11    Dex: 13    Spells: 13/14 levels left

rFire    . . .     SeeInvis +   u - +8 falchion "Demonbane" {slice, rN+}
rCold    . . .     Gourm    .   c - +0 shield
rNeg     + . .     Faith    .   p - +0 chain mail
rPois    .         Spirit   .   (helmet unavailable)
rElec    .         Reflect  .   d - +0 cloak
rCorr    .         Harm     .   t - +0 pair of gloves
MR       +....                  j - +0 pair of boots
Stlth    ..........             (no amulet)
Regen    0.3/turn               m - -2 ring of evasion (curse)
MPRegen  0.2/turn               v - +3 ring of intelligence

@: lethally poisoned (-2 -> -42)
A: permanent stasis, dig shafts and tunnels, four strong arms, antennae 3
a: Dig, Shaft Self, Heroism, Renounce Religion


You were on level 8 of the Dungeon.
You worshipped Okawaru.
Okawaru was most pleased with you.
You were not hungry.

You visited 2 branches of the dungeon, and saw 9 of its levels.

You collected 362 gold pieces.

Inventory:

Hand Weapons
 g - a +2 war axe of electrocution
 h - a +4 quarterstaff of chaos
 u - the +8 falchion "Demonbane" (weapon) {slice, rN+}
   (You found it on level 5 of the Dungeon)

   It inflicts extra damage upon your enemies.
   It protects you from negative energy.
Missiles
 i - 12 tomahawks (quivered)
 q - 4 tomahawks of dispersal
Armour
 c - a +0 shield (worn)
 d - a +0 cloak (worn)
 j - a +0 pair of boots (worn)
 p - a +0 chain mail (worn)
 t - a +0 pair of gloves (worn)
Jewellery
 m - a cursed -2 ring of evasion (left hand)
 v - a +3 ring of intelligence (right hand)
 w - an uncursed ring of protection from cold
 C - an uncursed amulet of regeneration {unknown}
Scrolls
 k - 2 scrolls of identify
 o - 2 scrolls of amnesia
 r - a scroll of recharging
 s - a scroll of magic mapping {unknown}
 y - a scroll of fog
 A - 2 scrolls of enchant weapon {unknown}
Potions
 a - a potion of magic
 e - 3 potions of curing
 n - a potion of heal wounds
 x - a potion of haste
Books
 b - a book of Cantrips

   Spells                             Type                      Level
   a - Confusing Touch                Hexes                        1
   b - Animate Skeleton               Necromancy                   1
   c - Summon Small Mammal            Summoning                    1
   d - Apportation                    Translocation                1
Comestibles
 f - 8 bread rations
 l - 6 meat rations
 z - 2 royal jellies
 B - 5 chunks of flesh


   Skills:
 * Level 8.6 Fighting
 * Level 4.2 Long Blades
 - Level 6.0 Axes
 + Level 5.1 Throwing
 + Level 6.7 Armour
 + Level 6.8 Shields
 + Level 2.5 Spellcasting
 + Level 2.9 Hexes


You had 13 spell levels left.
You knew the following spells:

 Your Spells              Type           Power        Failure   Level  Hunger
a - Confusing Touch       Hex            #.....       71%         1    ##.....


Dungeon Overview and Level Annotations

Branches:
Dungeon (8/15)             Temple (1/1) D:4
   Lair: D:8-11

Altars:
Ashenzari
Cheibriados
Dithmenos
Elyvilon
Fedhas
Hepliaklqana
Kikubaaqudgha
Makhleb
Nemelex Xobeh
Okawaru
Qazlal
Ru
Sif Muna
Trog
Uskayaw
Xom
Yredelemnul
Zin
The Shining One

Shops:
D:7 *

Annotations:
D:4 exclusion: oklob plant


Innate Abilities, Weirdness & Mutations

You cannot be hasted, slowed, berserked, paralysed or teleported.
You can dig through walls and to a lower floor.
Your four strong arms can wield two-handed weapons with a shield.
You have a pair of large antennae on your head. (SInv)


Message History

* * * LOW HITPOINT WARNING * * *
You feel very sick. The scorpion stings you.
* * * LOW HITPOINT WARNING * * *
You block the two-headed ogre's attack.
The two-headed ogre hits you with a dire flail of venom.
* * * LOW HITPOINT WARNING * * *
You are more poisoned.
You closely miss the scorpion.
* * * LOW HITPOINT WARNING * * *
You feel very sick. The scorpion barely misses you.
* * * LOW HITPOINT WARNING * * *
You feel very sick. You block the two-headed ogre's attack.
The two-headed ogre hits you but does no damage.
You are more poisoned.
The scorpion stings you but does no damage.
You climb downwards.
You die...

#. #. { #. {
##.## #...#
#.##...###
#.....s..###
#...)O@..o.#
...o..Y...#.#
##.##...###
.....#
.###### #


You could see a two-headed ogre, an ice beast, a scorpion and 2 orc priests.

Vanquished Creatures
  Grinder (D:6)
  Prince Ribbit (D:6)
  A hippogriff (D:6)
  Sigmund (D:4)
  The ghost of Agrougrou the Covered, an amateur BaFi (D:3)
  The ghost of dscm the Chopper, an amateur DsGl (D:5)
  Edmund (D:6)
  Duvessa (D:4)
  An orc warrior (D:6)
  A sky beast (D:5)
  2 ogres
  A centaur (D:7)
  2 big kobolds
  5 bullfrogs
  Dowan (D:4)
  A killer bee (D:5)
  2 scorpions (D:6)
  4 wights (D:6)
  A howler monkey (D:4)
  3 crimson imps
  2 orc priests (D:4)
  Crazy Yiuf (D:3)
  5 hounds
  8 orc wizards
  4 iguanas
  6 worker ants
  A hound zombie (D:6)
  A howler monkey skeleton (D:4)
  3 gnolls (D:3)
  8 adders
  A shadow imp (D:7)
  An ooze (D:2)
  An adder skeleton (D:7)
  2 worms (D:2)
  4 dart slugs (D:1)
  5 leopard geckos
  28 orcs
  4 bats
  11 goblins
  11 hobgoblins
  6 jackals
  31 kobolds
  7 quokkas
  5 ball pythons
  6 frilled lizards
  A jackal zombie (D:7)
  A leopard gecko skeleton (D:5)
  A quokka skeleton (D:4)
  7 rats
  A fungus (D:4)
205 creatures vanquished.

Vanquished Creatures (others)
  A kobold (D:4)
  A plant (D:3)
2 creatures vanquished.

Grand Total: 207 creatures vanquished

Notes
Turn   | Place    | Note
-------+----------+-------------------------------------------
     0 | D:1      | Vodalian the Formicid Fighter began the quest for the Orb.
     0 | D:1      | Reached XP level 1. HP: 18/18 MP: 1/1
    52 | D:1      | Reached XP level 2. HP: 25/25 MP: 2/2
   236 | D:1      | Reached XP level 3. HP: 29/30 MP: 3/3
   432 | D:1      | Reached skill level 4 in Fighting
   900 | D:2      | Reached XP level 4. HP: 27/37 MP: 4/4
  1499 | D:2      | Found a burning altar of Makhleb.
  1499 | D:2      | Found a snail-covered altar of Cheibriados.
  1507 | D:2      | Found a faded altar of an unknown god.
  1510 | D:2      | Found a shattered altar of Ashenzari.
  1512 | D:2      | Found a shimmering altar of Xom.
  1730 | D:3      | Reached XP level 5. HP: 41/43 MP: 5/5
  1736 | D:3      | Found a basalt altar of Yredelemnul.
  2031 | D:3      | Reached skill level 1 in Throwing
  2171 | D:3      | Found a runed door.
  2176 | D:3      | Noticed Crazy Yiuf
  2187 | D:3      | Killed Crazy Yiuf
  2187 | D:3      | Reached XP level 6. HP: 13/49 MP: 6/6
  2566 | D:3      | Noticed Agrougrou's ghost (amateur BaFi)
  2587 | D:3      | Killed Agrougrou's ghost
  2587 | D:3      | Reached skill level 5 in Fighting
  2809 | D:3      | Reached XP level 7. HP: 56/56 MP: 7/7
  3318 | D:4      | Reached skill level 5 in Shields
  3414 | D:4      | Noticed Sigmund
  3451 | D:4      | Killed Sigmund
  3640 | D:4      | Found a staircase to the Ecumenical Temple.
  3662 | Temple   | Entered the Ecumenical Temple
  3715 | Temple   | Became a worshipper of Warmaster Okawaru
  3908 | D:4      | Noticed Dowan
  3931 | D:4      | Killed Dowan
  3931 | D:4      | Reached skill level 5 in Armour
  3931 | D:4      | Reached XP level 8. HP: 60/64 MP: 8/8
  4063 | D:4      | Found a blossoming altar of Fedhas.
  4065 | D:4      | Found a stormy altar of Qazlal.
  4118 | D:4      | Reached skill level 6 in Fighting
  4470 | D:4      | Noticed Duvessa
  4492 | D:4      | Killed Duvessa
  4492 | D:4      | Reached skill level 5 in Axes
  4930 | D:4      | Found a blossoming altar of Fedhas.
  4951 | D:4      | Noticed an oklob plant
  5264 | D:5      | Entered Level 5 of the Dungeon
  5264 | D:5      | Noticed dscm's ghost (amateur DsGl)
  5687 | D:5      | Killed dscm's ghost
  5687 | D:5      | Reached * piety under Okawaru
  5861 | D:5      | Found a glowing golden altar of the Shining One.
  6186 | D:5      | Reached skill level 7 in Fighting
  6186 | D:5      | Reached XP level 9. HP: 64/72 MP: 9/9
  6270 | D:5      | Found a white marble altar of Elyvilon.
  6274 | D:5      | Found a hazy altar of Hepliaklqana.
  6406 | D:5      | Got a shimmering falchion
  6463 | D:5      | Identified the +8 falchion "Demonbane" {slice, rN+} (You found it on level 5 of the Dungeon)
  6509 | D:6      | Noticed Edmund
  6521 | D:6      | Killed Edmund
  6521 | D:6      | Reached skill level 1 in Long Blades
  6587 | D:6      | Learned a level 1 spell: Confusing Touch
  6661 | D:6      | Reached ** piety under Okawaru
  6775 | D:6      | Noticed Grinder
  6786 | D:6      | Killed Grinder
  6786 | D:6      | Reached skill level 1 in Hexes
  6827 | D:6      | Reached skill level 1 in Spellcasting
  6844 | D:6      | Noticed Prince Ribbit
  6862 | D:6      | Killed Prince Ribbit
  7073 | D:6      | Noticed a hippogriff
  7111 | D:6      | Killed a hippogriff
  7175 | D:6      | Reached skill level 8 in Fighting
  7382 | D:6      | Reached XP level 10. HP: 66/80 MP: 13/13
  7866 | D:7      | Found an iron altar of Okawaru.
  7875 | D:7      | Found a sparkling altar of Nemelex Xobeh.
  7924 | D:7      | Reached *** piety under Okawaru
  8088 | D:7      | Reached skill level 5 in Throwing
  8194 | D:7      | Found Orest's General Store.
  8383 | D:8      | Noticed a two-headed ogre
  8558 | D:7      | HP: 3/82 [poisoned by a two-headed ogre]
  8559 | D:8      | Succumbed to a two-headed ogre's poison

Skill      XL: |  1  2  3  4  5  6  7  8  9 10 |
---------------+-------------------------------+-----
Fighting       | 4 5 7 8 |  8.6
Shields        | 4 5 6 |  6.8
Armour         | 4 5 6 |  6.7
Axes           | 3 4 5 6 |  6.0
Throwing       | 1 2 3 4 5 |  5.1
Long Blades    | 3 4 |  4.2
Hexes          | 1 2 |  2.9
Spellcasting   | 2 |  2.5

Action                   |  1- 3 |  4- 6 |  7- 9 | 10-12 || total
-------------------------+-------+-------+-------+-------++-------
Melee: War axe           |    73 |   160 |   299 |       ||   532
       Falchion          |       |       |   104 |   121 ||   225
 Abil: Dig               |     1 |       |       |       ||     1
  Use: Scroll            |     6 |     1 |     4 |       ||    11
       Potion            |       |     8 |     1 |     1 ||    10
  Eat: Chunk             |       |     7 |    13 |     4 ||    24
       Royal jelly       |       |       |     1 |       ||     1
Armor: Scale mail        |    29 |    78 |    16 |       ||   123
       Chain mail        |       |       |   193 |    61 ||   254
Dodge: Dodged            |    24 |    41 |    66 |    22 ||   153
Block: Shield            |    40 |    97 |   230 |    74 ||   441
       Rpst.: Falchion   |       |       |     3 |     4 ||     7
